 Dungeon Crawl Stone Soup version 0.32-a0-872-g59262bdc9b (webtiles) character file.

Game seed: 12041907702607129801

1243 PriceMaster the Trooper (level 8, 0/61 HPs)
             Began as a Demonspawn Gladiator on Mar 30, 2024.
             Slain by an orc wizard
             ... wielding a +0 dagger
              (1 damage)
             ... on level 8 of the Dungeon.
             The game lasted 00:10:08 (5639 turns).

PriceMaster the Trooper (Demonspawn Gladiator)      Turns: 5639, Time: 00:10:09

Health: 0/61       AC:  7    Str: 14    XL:     8   Next: 25%
Magic:  13/13      EV: 12    Int: 11    God:
Gold:   198        SH:  0    Dex: 17    Spells: 11/14 levels left

rFire   . . .        w - +0 falchion (vamp)
rCold   . . .        (no shield)
rNeg    . . .        b - +1 leather armour
rPois   .            d - +0 helmet
rElec   .            u - scarf {shadows}
rCorr   .            s - +1 pair of gloves
SInv    .            (no boots)
Will    ++...        (no amulet)
Stlth   ++           (no ring)
HPRegen 0.30/turn    (no ring)
MPRegen 0.13/turn

%: no passive effects
@: enlightened, flying, hasted, very quick
A: hooves 2, ignite blood 1, big brain 1, strong-willed 1, MP-powered wands
a: Convert to Beogh


You were on level 8 of the Dungeon.
You visited 1 branch of the dungeon, and saw 6 of its levels.

You collected 198 gold pieces.

Inventory:

Hand Weapons
 a - a +0 flail
 h - a +2 dagger of protection
 r - a +0 whip of venom
 w - a +0 vampiric falchion (weapon)
 x - a +0 hand axe
 D - a +0 dagger of chaos
Missiles
 e - a javelin
 y - 7 poisoned darts
Armour
 b - a +1 leather armour (worn)
 c - a +0 helmet
 d - a +0 helmet (worn)
 s - a +1 pair of gloves (worn)
 u - a scarf of shadows (worn)
Jewellery
 C - a ring of ice
Wands
 f - a wand of flame (11) (quivered)
 i - a wand of paralysis (3)
Scrolls
 m - 2 scrolls of noise
 o - a scroll of fog
 p - 2 scrolls of revelation
 t - a scroll of identify
Potions
 g - 4 potions of enlightenment
 j - a potion of attraction {unknown}
 k - a potion of magic
 n - a potion of haste
 q - a potion of resistance {unknown}
 v - a potion of curing {unknown}
 z - a potion of heal wounds {unknown}
 A - a potion of degeneration {unknown}
 B - a potion of lignification {unknown}


   Skills:
 * Level 4.7 Fighting
 + Level 2.8(3.1) Short Blades
 + Level 2.0(2.7) Long Blades
 + Level 2.8 Maces & Flails
 + Level 3.2 Throwing
 + Level 2.6 Armour
 + Level 3.7 Dodging
 + Level 1.3 Stealth
 * Level 3.9 Spellcasting
 + Level 0.2 Conjurations
 + Level 2.0 Summonings
 + Level 0.7 Alchemy
 + Level 0.6 Evocations


You had 11 spell levels left.
You knew the following spells:

 Your Spells              Type           Power      Damage    Failure   Level
a - Call Imp              Summ           12%        N/A       19%         2
b - Sting                 Conj/Alch      12%        1d3       24%         1

Your spell library contained the following spells:

 Spells                   Type           Power      Damage    Failure   Level
 Summon Small Mammal      Summ           24%        N/A       13%         1
 Apportation              Tloc           4%         N/A       30%         1
 Necrotise                Necr           8%         1d4       30%         1
 Sublimation of Blood     Necr           2%         N/A       41%         2
 Leda's Liquefaction      Alch/Erth      1%         N/A       94%         4
 Petrify                  Alch/Erth      2%         N/A       94%         4
 Metabolic Englaciation   Hex/Ice        1%         N/A       100%        5
 Summon Hydra             Summ           3%         N/A       100%        7


Dungeon Overview and Level Annotations

Branches:
Dungeon (5/15)             Temple (0/1) D:4

Altars:
Hepliaklqana
Qazlal

Shops:
D:1 :


Innate Abilities, Weirdness & Mutations

You have hoof-like feet.
Your demonic aura sometimes causes spilled blood to erupt in flames.
You have an unusually large brain. (Int +2)
You are strong-willed. (Will+)
You expend magic power (3 MP) to strengthen your wands.


Message History

You barely miss the orc wizard. Your kick misses the orc wizard.
The orc wizard is heavily wounded.
The orc wizard casts a spell.
The orc wizard flickers and vanishes!
Deactivating autopickup; reactivate with Ctrl-A.
The orc priest misses you.
The orc wizard hits you but does no damage.
You closely miss the orc wizard.
The orc wizard is heavily wounded.
Something hits you but does no damage. The orc priest closely misses you.
The orc wizard hits you but does no damage.
Unknown command.
You hit the orc wizard but do no damage.
The orc wizard is heavily wounded.
Something hits you.
* * * LOW HITPOINT WARNING * * *
The orc priest barely misses you. The orc wizard casts a spell at you.
The magic dart hits you but does no damage.
You closely miss the orc wizard.
The orc wizard is heavily wounded.
Something hits you.
* * * LOW HITPOINT WARNING * * *
The orc priest hits you with a +0 club.
* * * LOW HITPOINT WARNING * * *
The orc wizard casts a spell at you. The magic dart hits you!
* * * LOW HITPOINT WARNING * * *
Okay, then.
Okay, then.
Unknown command.
You closely miss the orc wizard. Your kick misses the orc wizard.
The orc wizard is heavily wounded.
Unknown command.
Okay, then.
It was a potion of mutation.
You feel extremely strange.
You feel strong-willed.
You feel your magical essence link to the dungeon's wands.
Something hits you.
You die...

#############
.............
.............
.............
.............
########'###
......{o...########
......@o...#..##..#
.......)...'......#
...........#+###..#
#########......##'#####
#....>.........
#......>.......
#..........>..<
#......).......
#....#######


You could see an orc priest and an orc wizard.

Vanquished Creatures
  Psyche (D:8)
  Grinder (D:3)
  An ice beast (D:5)
  An ogre (D:5)
  The ghost of SageDae the Shooter, an amateur DEHu (D:3)
  3 scorpions
  2 orc priests (D:5)
  A hound (D:3)
  Natasha (thrice) (D:2)
  Terence (D:3)
  Robin (D:2)
  2 gnolls (D:4)
  6 adders
  2 shadow imps
  A white imp (D:5)
  A dart slug (D:4)
  3 ribbon worms (D:2)
  4 orcs
  8 bats
  7 endoplasms
  3 giant cockroaches
  17 goblins
  A hobgoblin (D:3)
  5 kobolds
  5 quokkas
  4 ball pythons (D:2)
  4 frilled lizards
  3 rats
92 creatures vanquished.

Vanquished Creatures (collateral kills)
  2 gnolls (D:4)
  A giant cockroach (D:3)
3 creatures vanquished.

Grand Total: 95 creatures vanquished

Notes
Turn   | Place    | Note
-------+----------+-------------------------------------------
     0 | D:1      | PriceMaster the Demonspawn Gladiator began the quest for
                  | the Orb.
     0 | D:1      | Reached XP level 1. HP: 16/16 MP: 1/1
    46 | D:1      | Found Vots's Vocational Training.
   182 | D:1      | Gained mutation: You have an unusually large brain. (Int
                  | +2) [demonic ancestry]
   182 | D:1      | Reached XP level 2. HP: 21/22 MP: 2/2
   576 | D:2      | Found a faded altar of an unknown god.
   583 | D:2      | Noticed Natasha
   596 | D:2      | Killed Natasha
   597 | D:2      | Reached skill level 1 in Spellcasting
   597 | D:2      | Gained mutation: You have large cloven feet. [demonic
                  | ancestry]
   597 | D:2      | Reached XP level 3. HP: 23/28 MP: 4/4
   706 | D:2      | Noticed Robin
   710 | D:2      | Reached skill level 1 in Short Blades
   719 | D:2      | Killed Robin
   768 | D:2      | Noticed Natasha
   782 | D:2      | Killed Natasha
   783 | D:2      | Gained mutation: You have hoof-like feet. [demonic
                  | ancestry]
   783 | D:2      | Reached XP level 4. HP: 17/34 MP: 6/6
  1191 | D:2      | Noticed Natasha
  1200 | D:2      | Killed Natasha
  1659 | D:2      | Reached skill level 1 in Armour
  1659 | D:2      | Reached XP level 5. HP: 28/40 MP: 7/7
  1901 | D:3      | Reached skill level 3 in Fighting
  2145 | D:3      | Learned a level 2 spell: Call Imp
  2332 | D:3      | Noticed Grinder
  2334 | D:3      | Found a runed translucent door.
  2335 | D:3      | Noticed SageDae's ghost (amateur DEHu)
  2340 | D:3      | Paralysed by Grinder for 5 turns
  2353 | D:3      | Paralysed by Grinder for 3 turns
  2363 | D:3      | Paralysed by Grinder for 4 turns
  2370 | D:3      | Paralysed by Grinder for 3 turns
  2384 | D:3      | Paralysed by Grinder for 5 turns
  2389 | D:3      | Killed Grinder
  2390 | D:3      | Reached skill level 1 in Stealth
  2390 | D:3      | Reached XP level 6. HP: 8/47 MP: 5/9
  2733 | D:3      | Noticed Terence
  2767 | D:3      | Killed Terence
  2768 | D:3      | Reached skill level 1 in Summonings
  3094 | D:3      | Killed SageDae's ghost
  3095 | D:3      | Reached XP level 7. HP: 47/52 MP: 6/11
  3161 | D:4      | Learned a level 1 spell: Sting
  3318 | D:4      | Found a staircase to the Ecumenical Temple.
  3572 | D:4      | Found a stormy altar of Qazlal.
  4476 | D:5      | Entered Level 5 of the Dungeon
  4692 | D:5      | Reached skill level 4 in Fighting
  4791 | D:5      | Paralysed by an orc priest for 5 turns
  4801 | D:5      | Paralysed by an orc priest for 5 turns
  4904 | D:5      | Reached skill level 1 in Long Blades
  5294 | D:5      | You fall into a shaft and drop 3 floors!
  5294 | D:8      | Found a hazy altar of Hepliaklqana.
  5357 | D:8      | Noticed Psyche
  5373 | D:8      | Killed Psyche
  5374 | D:8      | Gained mutation: Your demonic aura sometimes causes spilled
                  | blood to erupt in flames. [demonic ancestry]
  5374 | D:8      | Reached XP level 8. HP: 49/61 MP: 10/13
  5637 | D:8      | HP: 1/61 [orc wizard/magic dart (7)]
  5639 | D:8      | Gained mutation: You are strong-willed. (Will+) [potion of
                  | mutation]
  5639 | D:8      | Gained mutation: You expend magic power (3 MP) to
                  | strengthen your wands. [potion of mutation]
  5639 | D:8      | Slain by an orc wizard

Illustrated notes

Levels and vault maps discovered:
D:1:      amcnicky_arrival_blooded_trapdoor, layout_basic,
          nicolae_shop_vocational
D:2:      layout_basic, nicolae_ecumenical_oubliette, hangedman_decor_opposing,
          grunt_decor_clamped, uniq_natasha, uniq_robin
D:3:      minmay_evil_eye, layout_rooms, hellmonk_ghost_happy_afterlife,
          uniq_terence, uniq_grinder
D:4:      layout_gridville, nicolae_overflow_squiral,
          minmay_temple_entry_large_hall
D:5:      layout_cave_pods
D:8:      layout_gridville, nicolae_hepliaklqana_hippocampus, uniq_psyche,
          uniq_prince_ribbit1, uniq_maurice, uniq_erica

Skill      XL: |  1  2  3  4  5  6  7  8 |
---------------+-------------------------+-----
Spellcasting   | 1 2 3 |  3.9
Short Blades   | 1 2 |  2.8
Throwing       | 2 3 |  3.2
Dodging        | 3 |  3.7
Armour         | 1 2 |  2.6
Fighting       | 3 4 |  4.7
Stealth        | 1 |  1.3
Summonings     | 1 2 |  2.0
Long Blades    | 1 2 |  2.0
Maces & Flails | |  2.8
Conjurations   | |  0.2
Alchemy        | |  0.7
Evocations     | |  0.6

Action                     |  1- 3 |  4- 6 |  7- 9 || total
---------------------------+-------+-------+-------++-------
  Melee: Flail             |    15 |       |       ||    15
         Dagger            |    59 |   135 |    23 ||   217
         Kick              |     4 |    49 |    34 ||    87
         Falchion          |       |       |    72 ||    72
  Throw: Throwing net      |     9 |       |       ||     9
         Dart              |       |    29 |    29 ||    58
   Cast: Call Imp          |       |     7 |    11 ||    18
         Sting             |       |       |     7 ||     7
  Evoke: Wand              |       |       |    12 ||    12
    Use: Scroll            |     1 |       |     5 ||     6
         Potion            |     1 |       |     4 ||     5
   Stab: Held in net/web   |     3 |       |       ||     3
         Sleeping          |       |     1 |       ||     1
 Armour: Leather armour    |    49 |    75 |   104 ||   228
  Dodge: Dodged            |    52 |    57 |    76 ||   185

Table legend: (Time is in decaauts)
 A = Elapsed time spent in this place.
 B = Non-inter-level travel time spent in this place.
 C = Inter-level travel time spent in this place.
 D = Time resting spent in this place.
 E = Time spent auto-exploring this place.
 F = Levels seen in this place.
 G = Mean time per level.
                   A        B        C        D        E       F      G
               +--------+--------+--------+--------+--------+-----+--------+
         Total |   5633 |   5551 |     82 |   1161 |   3455 |   6 |  938.8 |
       Dungeon |   5633 |   5551 |     82 |   1161 |   3455 |   6 |  938.8 |
               +--------+--------+--------+--------+--------+-----+--------+

Top non-repeatable levels by time:
     D:4: 1327 daAuts
     D:2: 1326 daAuts
     D:3: 1308 daAuts
     D:5: 822 daAuts
     D:1: 501 daAuts
     D:8: 347 daAuts
